 Dungeon Crawl Stone Soup version 0.30.0-17-ge0270778cf (webtiles) character file.

Game seed: 803788043572378698

466 cheesebisquit the Caller (level 7, 0/46 HPs)
             Began as a Barachi Summoner on May 22, 2023.
             Slain by a lemure (6 damage)
             ... led by Pikel
             ... on level 3 of the Dungeon.
             The game lasted 00:29:13 (5544 turns).

cheesebisquit the Caller (Barachi Summoner)         Turns: 5544, Time: 00:29:13

Health: 0/46       AC:  4    Str:  9    XL:     7   Next: 8%
Magic:  2/14       EV: 12    Int: 18    God:
Gold:   314        SH:  0    Dex: 18    Spells: 2/15 levels left

rFire   . . .        y - +0 trident (protect)
rCold   . . .        (no shield)
rNeg    . . .        a - +0 robe
rPois   .            (no helmet)
rElec   .            x - +0 cloak
rCorr   .            c - +0 pair of gloves
SInv    .            (no boots)
Will    .....        (no amulet)
Stlth   ++           v - +6 ring of dexterity
HPRegen 0.27/turn    (no ring)
MPRegen 0.14/turn

%: no passive effects
@: slow
A: amphibious, slowness 1, strong legs 1, +LOS
a: Hop


You were on level 3 of the Dungeon.
You visited 1 branch of the dungeon, and saw 4 of its levels.

You collected 314 gold pieces.

Inventory:

Hand Weapons
 e - a +0 whip
 g - a +0 short sword
 y - a +0 trident of protection (weapon)
 A - a +3 spear
Missiles
 j - 28 poisoned darts
Armour
 a - a +0 robe (worn)
 c - a +0 pair of gloves (worn)
 x - a +0 cloak (worn)
Jewellery
 v - a +6 ring of dexterity (left hand)
Scrolls
 f - 2 scrolls of amnesia {unknown}
 h - 6 scrolls of teleportation {unknown}
 i - a scroll of brand weapon {unknown}
 n - 3 scrolls of poison {unknown}
 p - 2 scrolls of magic mapping {unknown}
 q - 2 scrolls of identify {unknown}
 r - 2 scrolls of fear {unknown}
 s - a scroll of immolation {unknown}
 t - a scroll of noise {unknown}
 u - a scroll of vulnerability {unknown}
 B - a scroll of enchant armour {unknown}
Potions
 b - a potion of magic
 d - a potion of lignification {unknown}
 k - 7 potions of curing {unknown}
 l - 3 potions of flight {unknown}
 m - a potion of mutation {unknown}
 o - a potion of ambrosia {unknown}
 w - a potion of degeneration {unknown}
 z - 2 potions of heal wounds {unknown}


   Skills:
 - Level 2.1 Dodging
 - Level 1.7 Stealth
 - Level 4.6 Spellcasting
 + Level 2.1 Hexes
 + Level 7.5 Summonings
 + Level 2.2 Air Magic


You had 2 spell levels left.
You knew the following spells:

 Your Spells              Type           Power      Damage    Failure   Level
a - Summon Small Mammal   Summ           100%       N/A       1%          1
b - Call Imp              Summ           62%        N/A       1%          2
c - Call Canine Familiar  Summ           31%        N/A       1%          3
d - Summon Guardian Gole  Hex/Summ       21%        N/A       5%          3
e - Summon Lightning Spi  Summ/Air       21%        N/A       19%         4

Your spell library contained the following spells:

 Spells                   Type           Power      Damage    Failure   Level
 Magic Dart               Conj           16%        1d3       14%         1
 Tukima's Dance           Hex            12%        N/A       17%         3
 Mephitic Cloud           Conj/Pois/Air  6%         N/A       30%         3
 Passage of Golubria      Tloc           4%         N/A       80%         4
 Yara's Violent Unravell  Hex/Tmut       4%         3d4       94%         5
 Storm Form               Tmut/Air       4%         N/A       100%        7
 Maxwell's Capacitive Co  Air            6%         ∞         100%        8


Dungeon Overview and Level Annotations

Branches:
Dungeon (4/15)
 Temple: D:4-7

Altars:
Elyvilon
Vehumet

Annotations:
D:3 2 runed translucent doors, exclusion: statue
D:4 Pikel


Innate Abilities, Weirdness & Mutations

You are amphibious.
You cover ground slowly.
You can hop short distances.
You have an extended range of vision and can be seen from far away.


Message History

The lemure closely misses your hound.
Your quokka closely misses the lemure.
Your hound bites the lemure.
Your quokka bites the lemure.
The lemure misses your quokka.
Your hound closely misses the lemure.
You are too injured to fight recklessly!
Reach: y) +0 trident (protect)
Press: ? - help, Dir - move target, f/p - lemure
Aim: a lemure (severely wounded, not watching you, ally target, about 49% to evade your +0 trident of protection)
You could not reach far enough!
Your hound bites the lemure.
Your quokka bites the lemure but does no damage.
The lemure hits your quokka.
Your quokka dies!
Your quokka's corpse disappears in a puff of smoke!
Your hound barely misses the lemure.
The lemure shouts!
Reach: y) +0 trident (protect)
Press: ? - help, Dir - move target, f/p - lemure
Aim: a lemure (severely wounded, ally target, about 49% to evade your +0 trident of protection)
You reach to attack!
You hit the lemure.
Your weapon exudes an aura of protection.
The lemure is almost dead.
Your bat hits the lemure but does no damage.
Your hound bites the lemure but does no damage.
The lemure hits you but does no damage.
You swap places.
Your bat misses the lemure. Your hound misses the lemure.
The lemure hits your bat.
Your bat dies!
Your bat's corpse disappears in a puff of smoke!
Reach: y) +0 trident (protect)
Press: ? - help, Dir - move target, f/p - lemure
Aim: a lemure (almost dead, about 49% to evade your +0 trident of protection)
You reach to attack!
You barely miss the lemure.
The lemure is almost dead.
Your hound closely misses the lemure.
Okay, then.
Your hound barely misses the lemure.
The lemure attacks as you move away! The lemure hits you but does no damage.
Your hound barely misses the lemure.
The lemure hits you.
* * * LOW HITPOINT WARNING * * *
The lemure attacks as you move away! The lemure hits you.
You die...

#......#....# #.# #.#
#.###..[.##.# #.# #.# #.#
#.#.###.# #.# #.#
###.###.#.# #.# #.########.#
..........###.###..........#
########...........#########
# .... ##.###.###h## #..#
#.# #.###5# #..# #.# #...@.#
#..# #.# #.##### #..#
#.###.# ###++####.##..#
.8#..#8...#..##
.'....'.....## .8####8...#.#
............# ..###########


You could see a lemure (ally target) and a friendly hound (summoned).

Vanquished Creatures
  An orc wizard (D:3)
  An adder (D:2)
  A gnoll (D:4)
  A worm (D:2)
  An orc (D:3)
  3 endoplasms (D:2)
  2 giant cockroaches
  2 goblins
  A kobold (D:4)
13 creatures vanquished.

Vanquished Creatures (collateral kills)
  A centaur (D:4)
  A lemure (D:4)
  A gnoll bouda (D:3)
  Natasha (thrice) (D:4)
  2 orc wizards
  A sleepcap (D:4)
  4 adders
  3 gnolls (D:3)
  2 worms
  3 dart slugs
  6 orcs
  7 ball pythons
  8 endoplasms
  2 giant cockroaches
  5 goblins
  8 hobgoblins
  3 quokkas
  3 bats
  3 frilled lizards
  5 kobolds
  6 rats
77 creatures vanquished.

Grand Total: 90 creatures vanquished

Notes
Turn   | Place    | Note
-------+----------+-------------------------------------------
     0 | D:1      | cheesebisquit the Barachi Summoner began the quest for the
                  | Orb.
     0 | D:1      | Reached XP level 1. HP: 13/13 MP: 3/3
   234 | D:1      | Reached skill level 5 in Summonings
   237 | D:1      | Reached XP level 2. HP: 19/19 MP: 2/5
  1063 | D:1      | Learned a level 2 spell: Call Imp
  1144 | D:2      | Reached XP level 3. HP: 24/24 MP: 1/7
  1693 | D:2      | Reached XP level 4. HP: 30/30 MP: 2/9
  1697 | D:2      | Learned a level 3 spell: Call Canine Familiar
  1701 | D:2      | Learned a level 3 spell: Summon Guardian Golem
  2371 | D:3      | Reached skill level 6 in Summonings
  2669 | D:3      | Found a large runed translucent door.
  2675 | D:3      | Found a large runed translucent door.
  2950 | D:3      | Found a faded altar of an unknown god.
  3421 | D:3      | Reached XP level 5. HP: 35/35 MP: 1/11
  3514 | D:3      | Found a radiant altar of Vehumet.
  3514 | D:3      | Noticed a charred statue
  3922 | D:4      | Noticed Natasha
  3934 | D:4      | Killed Natasha
  3936 | D:4      | Noticed Natasha
  4092 | D:3      | Reached XP level 6. HP: 34/41 MP: 5/12
  4151 | D:3      | Reached skill level 7 in Summonings
  4214 | D:3      | Learned a level 4 spell: Summon Lightning Spire
  4406 | D:4      | Killed Natasha
  4414 | D:4      | Noticed Natasha
  4425 | D:4      | Killed Natasha
  4496 | D:4      | Found a white marble altar of Elyvilon.
  4502 | D:4      | Reached skill level 1 in Hexes
  4502 | D:4      | Reached skill level 1 in Air Magic
  4674 | D:4      | Noticed Pikel
  5043 | D:3      | Reached XP level 7. HP: 23/46 MP: 7/14
  5524 | D:3      | HP: 2/46 [lemure[Pikel] (7)]
  5544 | D:3      | Slain by a lemure

Illustrated notes

Levels and vault maps discovered:
D:1:      doesnt_arrival_eight_statues, layout_loops_ring, st_stairs_8
D:2:      layout_basic, corexii_corridor_pit, grunt_ministairs_2,
          kennysheep_generic_room_10
D:3:      layout_loops_ring, vehumet_statue, jmf_multi_god_temple2,
          ebering_ecumenical_altar_hall, grunt_decor_cap, minmay_quantized
D:4:      layout_rooms, lemuel_doored_altar, corexii_shack,
          kennysheep_generic_room_11, uniq_natasha, uniq_pikel

Skill      XL: |  1  2  3  4  5  6 |
---------------+-------------------+-----
Summonings     | 5 6 7 |  7.5
Spellcasting   | 3 4 |  4.6
Hexes          | 2 |  2.1
Air Magic      | 2 |  2.2
Dodging        | |  2.1
Stealth        | |  1.7

Action                     |  1- 3 |  4- 6 |  7- 9 || total
---------------------------+-------+-------+-------++-------
  Melee: Whip              |    12 |       |       ||    12
         Unarmed           |     1 |       |       ||     1
         Trident           |     5 |    35 |    16 ||    56
         Punch             |       |     1 |       ||     1
   Cast: Summon Small Mamm |    51 |    52 |     6 ||   109
         Call Imp          |     8 |    29 |     5 ||    42
         Call Canine Famil |       |    29 |     6 ||    35
   Stab: Distracted        |       |     1 |       ||     1
 Armour: Robe              |     9 |    16 |    10 ||    35
  Dodge: Dodged            |    13 |    47 |    27 ||    87
